 Dungeon Crawl Stone Soup version 0.31.0-32-g396128a36d (webtiles) character file.

Game seed: 14896740914603181886

157 Fractals the Changeling (level 5, -1/58 HPs)
             Began as a Demonspawn Shapeshifter on Apr 12, 2024.
             Shot with a sling bullet by a gnoll (8 damage)
             ... on level 3 of the Dungeon.
             The game lasted 00:05:02 (2148 turns).

Fractals the Changeling (Demonspawn Shapeshifter)   Turns: 2148, Time: 00:05:02

Health: -1/58      AC: 22    Str: 16    XL:     5   Next: 15%
Magic:  5/5        EV:  2    Int: 10    God:
Gold:   668        SH:  0    Dex: 13    Spells: 4/4 levels left

rFire   . .          .
                       - Unarmed
rCold   . . .        (no shield)
rNeg    . . .        h - melded +4 ring mail
rPois   +            (helmet currently unavailable)
rElec   .            (cloak currently unavailable)
rCorr   .            a - melded +2 pair of gloves of the Ward {rCorr Int+2}
SInv    .            (boots currently unavailable)
Will    .....        (no amulet)
Stlth   +            (no ring)
HPRegen 0.29/turn    (no ring)
MPRegen 0.09/turn

%: no passive effects
@: tree-form, silenced, studying Dodging
A: stationary, stasis, torment immunity, boosted hp, (antennae 1), (slimy green
scales 1), ignite blood 1
a: no special abilities


You were on level 3 of the Dungeon.
You were a tree.
You visited 1 branch of the dungeon, and saw 3 of its levels.

You collected 668 gold pieces.

Inventory:

Armour
 a - the +2 pair of gloves of the Ward (melded) {rCorr Int+2}
   (You acquired it on level 2 of the Dungeon)

   Int+2:     It affects your intelligence (+2).
   rCorr:     It protects you from acid and corrosion.
 h - a +4 ring mail (melded)
Talismans
 c - a beast talisman (active)
 d - a flux talisman
Scrolls
 e - 3 scrolls of enchant armour
 i - a scroll of teleportation {unknown}
 k - a scroll of identify {unknown}
 l - a scroll of amnesia {unknown}
Potions
 g - a potion of enlightenment {unknown}
 j - 2 potions of curing {unknown}
 m - a potion of degeneration {unknown}
 n - a potion of might {unknown}


   Skills:
 + Level 2.7 Fighting
 - Level 1.7 Dodging
 * Level 2.8 Stealth
 - Level 3.0 Unarmed Combat
 + Level 3.4 Shapeshifting


You had 4 spell levels left.
You didn't know any spells.
Your spell library contained the following spells:

 Spells                   Type           Power      Damage    Failure   Level
 Apportation              Tloc           0%         N/A       36%         1
 Jinxbite                 Hex            0%         N/A       50%         2
 Vhi's Electric Charge    Tloc/Air       0%         N/A       98%         4
 Alistair's Intoxication  Alch           0%         N/A       100%        5
 Arcjolt                  Conj/Air       0%         1d10      100%        5
 Plasma Beam              Fire/Air       0%         2x1d10    100%        6


Dungeon Overview and Level Annotations

Branches:
Dungeon (3/15)

Altars:
Vehumet
Wu Jian


Innate Abilities, Weirdness & Mutations

You are a tree.
Your roots penetrate the ground, keeping you stationary.
You cannot be teleported.
You are immune to unholy pain and torment.
Your maximum health is greatly increased.
Your equipment is partially melded.
((You have a pair of small antennae on your head.))
((You are partially covered in slimy green scales. (AC +2)))
Your demonic aura sometimes causes spilled blood to erupt in flames.


Message History

The gnoll barely misses you.
You hit the sleepcap.
The sleepcap is severely damaged.
The sleepcap releases spores at you.
* * * LOW HITPOINT WARNING * * *
The gnoll hits you but does no damage.
You hit the sleepcap.
The sleepcap is severely damaged.
The sleepcap releases spores at you but does no damage.
The gnoll hits you but does no damage.
Unknown command.
Your transformation has ended.
The +2 pair of gloves of the Ward {rCorr Int+2} unmelds from your body.
You turn into a tree.
The +2 pair of gloves of the Ward {rCorr Int+2} melds into your body.
Your +4 ring mail melds into your body.
Your roots penetrate the ground.
The sleepcap releases spores at you but does no damage.
The gnoll hits you but does no damage.
As you read the scroll labelled YNIGOJI CITIFE, it crumbles to dust.
A profound silence engulfs you.
It was a scroll of silence.
The sleepcap releases spores at you but does no damage.
The gnoll hits you but does no damage.
You smack the sleepcap!
You destroy the sleepcap!
The gnoll shoots a sling bullet.
The sling bullet hits you but does no damage.
The gnoll hits you but does no damage.
You have reached level 5!
You aren't carrying any items that you can evoke.
The gnoll shoots a sling bullet.
The sling bullet hits you but does no damage.
The gnoll hits you but does no damage.
The gnoll shoots a sling bullet.
The sling bullet hits you.
* * * LOW HITPOINT WARNING * * *
The gnoll hits you but does no damage.
The gnoll shoots a sling bullet.
The sling bullet hits you but does no damage.
The gnoll hits you but does no damage.
The gnoll shoots a sling bullet.
The sling bullet hits you!
You die...

..# #....# #### ... ...
###.## ### ....
######.##################
#............)...........
#.####.#gg...........####
...#.###########.#
#.####♣# #.# # #.# #.#
#.# #.# #.# #.#### #.#
#..... #.# ###### #.# #.#


You could see 2 gnolls.

Vanquished Creatures
  A bombardier beetle (D:3)
  A sleepcap (D:3)
  A gnoll (D:2)
  4 adders
  A ribbon worm (D:2)
  2 dart slugs
  6 ball pythons
  2 endoplasms
  2 giant cockroaches (D:1)
  7 goblins
  6 hobgoblins
  2 kobolds (D:1)
  2 quokkas (D:2)
  6 bats
  A frilled lizard (D:1)
  8 rats
52 creatures vanquished.

Notes
Turn   | Place    | Note
-------+----------+-------------------------------------------
     0 | D:1      | Fractals the Demonspawn Shapeshifter began the quest for
                  | the Orb.
     0 | D:1      | Reached XP level 1. HP: 15/15 MP: 1/1
     1 | D:1      | Noticed an electric eel
    61 | D:1      | Gained mutation: Your demonic aura sometimes causes spilled
                  | blood to erupt in flames. [demonic ancestry]
    61 | D:1      | Reached XP level 2. HP: 14/21 MP: 2/2
   176 | D:1      | Found a faded altar of an unknown god.
   621 | D:2      | Identified 3 scrolls of acquirement
   621 | D:2      | Acquired a manual of Dodging
   623 | D:2      | Acquired the +2 pair of gloves of the Ward {rCorr Int+2}
   625 | D:2      | Acquired 551 gold pieces
   684 | D:2      | Gained mutation: You have a pair of small antennae on your
                  | head. [demonic ancestry]
   684 | D:2      | Reached XP level 3. HP: 27/27 MP: 3/3
   701 | D:2      | Reached skill level 1 in Stealth
  1547 | D:2      | Gained mutation: You are partially covered in slimy green
                  | scales. (AC +2) [demonic ancestry]
  1547 | D:2      | Reached XP level 4. HP: 22/33 MP: 4/4
  1916 | D:3      | Found a radiant altar of Vehumet.
  1942 | D:3      | Found an ornate altar of the Wu Jian Council.
  2145 | D:3      | Reached XP level 5. HP: 11/39 MP: 5/5
  2148 | D:3      | Shot with a sling bullet by a gnoll

Illustrated notes

Levels and vault maps discovered:
D:1:      arrival_aquarium_a, layout_rooms, basic_ecumenical_altar, nrook_uturn,
          dreamdust_princess_corridor
D:2:      layout_basic
D:3:      layout_basic, mainiacjoe_overflow_large_starburst,
          ebering_ghost_disaster_area, palyth_stone_intersect,
          corexii_hall_statues_i, grunt_decor_cap

Skill      XL: |  1  2  3  4 |
---------------+-------------+-----
Unarmed Combat | 3 |  3.0
Shapeshifting  | 3 |  3.4
Fighting       | 2 |  2.7
Stealth        | 1 2 |  2.8
Dodging        | |  1.7

Action                     |  1- 3 |  4- 6 || total
---------------------------+-------+-------++-------
  Melee: Unarmed           |   130 |    43 ||   173
         Punch             |     6 |     4 ||    10
    Use: Scroll            |     4 |     1 ||     5
         Potion            |       |     1 ||     1
 Armour: Animal skin       |    21 |       ||    21
         Ring mail         |    37 |    35 ||    72
         Skin              |       |    13 ||    13
  Dodge: Dodged            |    65 |    25 ||    90
   Form: Beast             |     3 |       ||     3
                           |     2 |       ||     2
